 Dungeon Crawl Stone Soup version 0.24.0-123-gd5b16e6ec5 (webtiles) character file.

Game seed: 4301701164825914873, levelgen mode: deterministic

35986 sagitran the Basher (level 13, -1/116 HPs)
             Began as a Yellow Draconian Wanderer on Dec 22, 2019.
             Was a High Priest of Wu Jian.
             Killed by divine providence
             ... invoked by an orc priest
              (11 damage)
             ... on level 2 of the Orcish Mines.
             The game lasted 01:14:50 (16476 turns).

sagitran the Basher (Yellow Draconian Wanderer)    Turns: 16476, Time: 01:14:50

Health: -1/116     AC: 13    Str: 15    XL:     13   Next: 50%
Magic:  15/15      EV: 16    Int: 13    God:    Wu Jian [*****.]
Gold:   1076       SH: 10    Dex: 15    Spells: 15/15 levels left

rFire    . . .     SeeInvis +   a - +7 mace
rCold    + + .     Gourm    +   b - +1 shield {rC+}
rNeg     . . .     Faith    .   (armour unavailable)
rPois    .         Spirit   .   c - +1 hat {SInv}
rElec    .         Reflect  .   w - +0 cloak
rCorr    +         Harm     .   (no gloves)
MR       .....                  y - +2 pair of boots
Stlth    +++++.....             j - amulet of the gourmand
HPRegen  0.29/turn              o - ring of protection from cold
MPRegen  0.14/turn              B - ring of stealth

@: very slightly contaminated
A: spit acid, unfitting armour, cold-blooded, acid resistance, AC +8
a: Breathe Acid, Wall Jump, Serpent's Lash, Heavenly Storm, Renounce Religion


You were on level 2 of the Orcish Mines.
You worshipped Wu Jian.
Wu Jian was extremely pleased with you.
You were very full.

You visited 4 branches of the dungeon, and saw 17 of its levels.
You also visited: Bailey.

You collected 1181 gold pieces.
You spent 105 gold pieces at shops.

Inventory:

Hand Weapons
 a - a +7 mace (weapon)
Armour
 b - a +1 shield of cold resistance (worn)
 c - a +1 hat of see invisible (worn)
 w - a +0 cloak (worn)
 y - a +2 pair of boots (worn)
Jewellery
 h - an uncursed ring of fire
 j - an amulet of the gourmand (around neck)
 o - a ring of protection from cold (left hand)
 q - an uncursed ring of protection from fire
 B - a ring of stealth (right hand)
Wands
 f - a wand of digging (5)
 g - a wand of polymorph (11)
 v - a wand of random effects (13)
 C - a wand of disintegration (1)
 D - a wand of acid (1)
Scrolls
 e - 10 scrolls of remove curse
 l - 2 scrolls of magic mapping
 m - 6 scrolls of immolation
 u - 2 scrolls of enchant armour
 A - a scroll of fog {unknown}
Potions
 i - 6 potions of brilliance
 k - 2 potions of haste
 n - 3 potions of flight
 E - a potion of might
Comestibles
 d - 21 rations


   Skills:
 + Level 11.2 Fighting
 + Level 13.7 Maces & Flails
 + Level 1.4 Throwing
 + Level 9.5 Dodging
 + Level 7.3 Stealth
 + Level 4.2 Shields
 + Level 1.6 Unarmed Combat
 + Level 1.9 Spellcasting
   Level 1.0 Conjurations
   Level 1.0 Summonings
 + Level 3.9 Evocations


You had 15 spell levels left.
You didn't know any spells.
Your spell library contained the following spells:

 Spells                   Type           Power        Failure   Level  Hunger
 Summon Small Mammal      Summ           #...         56%         1    ##.....
 Animate Skeleton         Necr           N/A          71%         1    ##.....
 Apportation              Tloc           #.....       71%         1    ##.....
 Confusing Touch          Hex            #.....       71%         1    ##.....


Dungeon Overview and Level Annotations

Branches:
Dungeon (13/15)            Temple (1/1) D:6            Lair (1/6) D:8
    Orc (2/2) D:12            Elf (0/3) Orc:2        Bailey (visited)
 Vaults: D:13-14

Altars:
Ashenzari
Cheibriados
Dithmenos
Elyvilon
Fedhas
Gozag
Hepliaklqana
Kikubaaqudgha
Makhleb
Nemelex Xobeh
Okawaru
Qazlal
Ru
Sif Muna
Trog
Uskayaw
Vehumet
Wu Jian
Xom
Yredelemnul
Zin
The Shining One
Lugonu

Shops:
D:4 (***   D:7 }

Portals:
Trove: D:11 (give +4 ice dragon scales)

Annotations:
D:8 2 transporters
D:9 1 runed translucent door, vurker's ghost, novice TeAE
D:11 1 runed translucent door, exclusion: oklob plant, Nebesus's ghost, journeyman GrFi


Innate Abilities, Weirdness & Mutations

You can spit globs of acid.
Your golden yellow scales are hard. (AC +8)
You cannot fit into any form of body armour.
You are cold-blooded and may be slowed by cold attacks.
You are resistant to acid. (rCorr)


Message History

An orc comes into view. It is wielding a +0 flail.
Your soldier ant is caught in a web!
You thump the orc!
You kill the orc!
The Council accepts your kill.
The orc priest calls down the wrath of Beogh upon you.
You resist with significant effort.
The orc priest invokes the aid of Beogh against you.
Pain shoots through your body!
* * * LOW HITPOINT WARNING * * *
The orc closely misses you.
The orc priest calls down the wrath of Beogh upon you.
Beogh smites you!
* * * LOW HITPOINT WARNING * * *
You feel better.
Your soldier ant tears the web.
The orc priest miscasts a cantrip.
The orc priest mumbles some strange prayers to Beogh against you.
Beogh smites you!
You die...

,********,,,******
** **,,o....#* *
*,,*ooo#..*
**,,.......##
*,,,#..o#T..#
**,,,...oo...##
*,,,,#...#....#
*,,,,....oo.).#
*,,,,#...#ooo@#
*,,,,..o.oo.oo#
*,.oo#..o#oooo#
*#,.....ooooa##
#.,.#..o#4oo#
*#.,....4..##
#..#..o#o.*
**..4o.o.#*
*##.#.##*


You could see an orc knight, an ice devil, a troll, a red devil, 9 orc warriors,
11 orc priests, 10 orcs and a friendly soldier ant.

Vanquished Creatures
  Gastronok (D:10)
  Josephine (D:11)
  Erica (D:8)
  A two-headed ogre (D:11)
  An orc high priest (D:12)
  An unseen horror (D:11)
  An orc knight (Bailey)
  A deep elf mage (D:10)
  A wolf spider zombie (D:12)
  2 cyclopes
  An orc sorcerer (Orc:1)
  2 guardian serpents (D:12)
  A gargoyle (D:12)
  A spiny frog (Lair:1)
  2 kobold demonologists
  A komodo dragon (D:8)
  A guardian mummy (D:11)
  2 trolls
  A tyrant leech (D:12)
  A shadow (D:12)
  3 wraiths (D:11)
  15 yaks
  4 hungry ghosts
  A human (D:10)
  2 water moccasins
  A swamp drake (D:12)
  9 orc warriors
  2 sky beasts
  2 phantoms
  A necrophage (D:10)
  8 ogres
  6 centaurs
  4 big kobolds
  4 bullfrogs
  A wyvern skeleton (D:9)
  3 scorpions
  18 wights
  2 bullfrog zombies
  7 howler monkeys
  7 crimson imps
  A quasit (D:7)
  3 centaur zombies
  4 jellies
  6 hounds
  5 centaur skeletons
  13 orc priests
  2 iguanas (D:6)
  17 orc wizards
  5 worker ants
  A hound skeleton (D:4)
  A howler monkey zombie (D:7)
  10 adders
  5 shadow imps
  5 worms
  2 dart slugs
  4 leopard geckos
  61 orcs
  5 bats
  A bat zombie (D:7)
  5 giant cockroaches
  8 goblins
  3 hobgoblins
  4 jackals (D:3)
  5 quokkas
  2 ball pythons
  8 frilled lizards
  22 kobolds
  A quokka skeleton (D:5)
  11 rats
  5 rat zombies (D:7)
349 creatures vanquished.

Vanquished Creatures (others)
  A howler monkey (D:10)
  3 plants (D:8)
4 creatures vanquished.

Grand Total: 353 creatures vanquished

Notes
Turn   | Place    | Note
-------+----------+-------------------------------------------
     0 | D:1      | sagitran the Draconian Wanderer began the quest for the
                  | Orb.
     0 | D:1      | sagitran set off with the following items: a +2 mace, a
                  | potion of curing, a potion of lignification, a ration
     0 | D:1      | Reached XP level 1. HP: 19/19 MP: 2/2
   311 | D:1      | Reached XP level 2. HP: 17/27 MP: 3/3
  1010 | D:2      | Reached XP level 3. HP: 14/34 MP: 4/4
  1139 | D:2      | Reached XP level 4. HP: 26/41 MP: 5/5
  1331 | D:2      | Reached skill level 3 in Maces & Flails
  1805 | D:3      | Found a white marble altar of Elyvilon.
  1826 | D:3      | Reached skill level 1 in Dodging
  1863 | D:3      | Found a stormy altar of Qazlal.
  1958 | D:3      | Reached XP level 5. HP: 20/47 MP: 6/6
  2129 | D:3      | Found a glowing golden altar of the Shining One.
  2210 | D:3      | Found an iron altar of Okawaru.
  2353 | D:3      | Noticed an ogre
  2562 | D:3      | Killed an ogre
  2562 | D:3      | Reached skill level 5 in Fighting
  2562 | D:3      | Reached skill level 4 in Maces & Flails
  2731 | D:4      | Found Qotemm's Assorted Antiques.
  2744 | D:4      | Found a shimmering blue altar of Sif Muna.
  2749 | D:4      | Found a snail-covered altar of Cheibriados.
  2762 | D:4      | Reached XP level 6. HP: 23/56 MP: 7/7
  2855 | D:4      | Found a blossoming altar of Fedhas.
  2914 | D:4      | Found Kizeatog's Assorted Antiques.
  2993 | D:3      | You fall into a shaft and drop 1 floor!
  3162 | D:5      | Entered Level 5 of the Dungeon
  3180 | D:5      | Reached skill level 5 in Maces & Flails
  3541 | D:4      | Found Kiakuts's Weapon Emporium.
  3566 | D:4      | Found Xyetigut's General Store.
  3574 | D:4      | Bought a scroll of enchant weapon for 105 gold pieces
  3637 | D:4      | Your scales start taking on a golden yellow colour.
  3637 | D:4      | Reached XP level 7. HP: 39/61 MP: 8/8
  3637 | D:4      | Gained mutation: You are resistant to acid. (rCorr) [Yellow
                  | Draconian growth]
  4176 | D:5      | Noticed a hungry ghost
  4198 | D:5      | Killed a hungry ghost
  4198 | D:5      | Reached skill level 6 in Maces & Flails
  4653 | D:6      | Reached XP level 8. HP: 52/70 MP: 9/9
  4832 | D:6      | Reached skill level 7 in Maces & Flails
  4865 | D:6      | Found a shattered altar of Ashenzari.
  4930 | D:6      | Found a staircase to the Ecumenical Temple.
  4937 | Temple   | Entered the Ecumenical Temple
  5119 | Temple   | Became a worshipper of the Wu Jian Council
  5192 | D:7      | Found a shimmering altar of Xom.
  5231 | D:7      | Found Jeodezot's Gadget Emporium.
  5392 | D:6      | Found a hazy altar of Hepliaklqana.
  5820 | D:6      | Reached skill level 8 in Maces & Flails
  6009 | D:6      | Reached * piety under Wu Jian
  6286 | D:7      | Reached XP level 9. HP: 45/79 MP: 10/10
  6654 | D:7      | Found an ancient bone altar of Kikubaaqudgha.
  6730 | D:7      | Noticed a moth of wrath
  6807 | D:7      | Found a bloodstained altar of Trog.
  6946 | D:7      | Reached skill level 5 in Dodging
  7120 | D:8      | Found a transporter.
  7141 | D:8      | Found a transporter.
  7146 | D:8      | Noticed a gargoyle
  7150 | D:8      | Found a sparkling altar of Nemelex Xobeh.
  7152 | D:8      | Noticed a sphinx
  7317 | D:8      | Found a staircase to the Lair.
  7318 | D:8      | Noticed a komodo dragon
  7332 | D:8      | Noticed Erica
  7343 | D:8      | Killed Erica
  7343 | D:8      | Reached skill level 9 in Maces & Flails
  7391 | D:8      | Killed a komodo dragon
  7549 | D:8      | Reached ** piety under Wu Jian
  7704 | D:9      | Reached skill level 10 in Maces & Flails
  7724 | D:9      | Reached XP level 10. HP: 42/88 MP: 11/11
  7730 | D:9      | HP: 5/132 [yak (6)]
  7734 | D:9      | HP: 1/132 [yak (6)]
  8135 | D:9      | Found a runed translucent door.
  8135 | D:9      | Noticed vurker's ghost (novice TeAE)
  8522 | Lair:1   | Entered Level 1 of the Lair of Beasts
  8840 | Lair:1   | Noticed a spiny frog
  8852 | Lair:1   | Killed a spiny frog
  9755 | D:10     | Entered Level 10 of the Dungeon
  9777 | D:9      | Reached skill level 11 in Maces & Flails
 10320 | D:10     | Reached *** piety under Wu Jian
 10752 | D:10     | Noticed a deep elf mage
 10783 | D:10     | Noticed Gastronok
 10805 | D:10     | Killed Gastronok
 10805 | D:10     | Reached skill level 5 in Stealth
 10805 | D:10     | Reached XP level 11. HP: 71/97 MP: 12/12
 11001 | D:11     | Found a runed translucent door.
 11005 | D:11     | Noticed Nebesus's ghost (journeyman GrFi)
 11085 | D:11     | Noticed a two-headed ogre
 11102 | D:11     | Killed a two-headed ogre
 11102 | D:11     | Reached skill level 12 in Maces & Flails
 11107 | D:11     | Found a flagged portal.
 11123 | Bailey   | Entered a bailey
 11417 | Bailey   | Noticed an orc knight
 11417 | Bailey   | Reached **** piety under Wu Jian
 11962 | Bailey   | Killed an orc knight
 12058 | D:11     | Noticed Josephine
 12078 | D:11     | Killed Josephine
 12089 | D:11     | Noticed an unseen horror
 12097 | D:11     | Killed an unseen horror
 13002 | D:10     | Killed a deep elf mage
 13002 | D:10     | Reached skill level 10 in Fighting
 13131 | D:11     | Reached skill level 1 in Shields
 13339 | D:11     | Found a shimmering altar of Xom.
 13339 | D:11     | Noticed an oklob plant
 13410 | D:11     | Found a portal to a secret trove of treasure.
 13626 | D:11     | Reached XP level 12. HP: 105/105 MP: 14/14
 13773 | D:12     | Noticed an eight-headed hydra
 13783 | D:12     | an eight-headed hydra changed into a tyrant leech
 14154 | D:12     | Reached skill level 13 in Maces & Flails
 15333 | D:12     | Reached ***** piety under Wu Jian
 15369 | D:12     | Found a staircase to the Orcish Mines.
 16008 | Orc:1    | Entered Level 1 of the Orcish Mines
 16010 | Orc:1    | Noticed an orc high priest
 16199 | D:12     | Killed an orc high priest
 16209 | Orc:1    | Paralysed by an orc sorcerer for 4 turns
 16387 | Orc:2    | Entered Level 2 of the Orcish Mines
 16464 | Orc:1    | You fall into a shaft and drop 1 floor!
 16464 | Orc:2    | Noticed an orc high priest
 16465 | Orc:2    | Noticed an orc high priest
 16466 | Orc:2    | Noticed an orc high priest
 16467 | Orc:2    | Reached skill level 1 in Throwing
 16467 | Orc:2    | Reached skill level 1 in Unarmed Combat
 16467 | Orc:2    | Reached XP level 13. HP: 68/115 MP: 15/15
 16469 | Orc:2    | Identified a scroll of acquirement
 16475 | Orc:2    | HP: 5/115 [orc priest/divine providence (13)]
 16476 | Orc:2    | Killed from afar by an orc priest

Levels and vault maps discovered:
D:1:      dpeg_arrival_chase, layout_loops_ring
D:2:      layout_loops_ring, chequers_serial_rivers_marsh
D:3:      layout_basic, elyvilon_altar_5, lemuel_round_altar,
          grunt_qazlal_clouds, okawaru_ov_weapons_minmay, first_ration
D:4:      layout_basic, lemuel_round_altar, grunt_temple_overflow_open,
          serial_shops, nicolae_shop_overgrown_old_shop, shop, shop, shop
D:5:      layout_loops_ring, fountainhead
D:6:      layout_basic, kennysheep_mini, lemuel_crystal_altar,
          minmay_temple_entry_butterflies
D:7:      layout_cave_pools, lemuel_zombie_altar_kikubaaqudgha, tgw_trog,
          marbit_many_paths, serial_shops, shop
D:8:      layout_basic, gammafunk_temple_overflow_arena, david_lair_shrubbed,
          uniq_erica
D:9:      layout_gridville, ebering_ghost_inner_flame
D:10:     layout_loops_corners, hangedman_stone_soup, columned_hall_lemuel,
          uniq_gastronok
D:11:     layout_irregular_city, ebering_ghost_inner_flame,
          nicolae_trove_entry_path_of_doom, enter_bailey_3, lemuel_oklob_altar,
          uniq_josephine
D:12:     nrook_guardian_serpent_snake_passage, layout_loops_ring, erik_orc_1,
          minmay_misc_feat_four_crosses, hangedman_decor_lopped,
          statue_in_the_mist_lemuel, grunt_ministairs_8
D:13:     minmay_inside_and_out, layout_irregular_city, erik_vaults_2,
          onia_ninara_dug_in_and_dangerous
Temple:   kb_corrupted_temple
Lair:1:   layout_long_grid, serial_bayou_shore_b, uniq_harold
Orc:1:    layout_diamond_mine
Orc:2:    st_orc_pillars, layout_diamond_mine, mines2_lemuel

Skill      XL: |  1  2  3  4  5  6  7  8  9 10 11 12 |
---------------+-------------------------------------+-----
Fighting       | 4 5 6 7 8 9 10 11 | 11.2
Maces & Flails | 3 4 5 6 8 10 11 12 13 | 13.7
Dodging        | 1 2 3 4 6 7 8 9 |  9.5
Stealth        | 2 3 5 7 |  7.3
Evocations     | 3 |  3.9
Shields        | 2 4 |  4.2
Throwing       | 1 |  1.4
Unarmed Combat | 1 |  1.6
Spellcasting   | |  1.9
Conjurations   | |  1.0
Summonings     | |  1.0

Action                   |  1- 3 |  4- 6 |  7- 9 | 10-12 | 13-15 || total
-------------------------+-------+-------+-------+-------+-------++-------
Melee: Mace              |    83 |   208 |   283 |   735 |     3 ||  1312
       Tailslap          |     7 |    22 |    40 |   117 |       ||   186
Invok: Lunge             |       |       |    11 |    42 |       ||    53
       Whirlwind         |       |       |    10 |   134 |     1 ||   145
 Abil: Breathe Acid      |       |       |    16 |    26 |       ||    42
       Wall Jump         |       |       |       |     2 |       ||     2
Evoke: Wand              |       |       |       |    33 |       ||    33
       Sack of spiders   |       |       |       |       |     2 ||     2
  Use: Potion            |     1 |     1 |     2 |    12 |     1 ||    17
       Scroll            |       |     9 |     4 |    15 |     2 ||    30
 Stab: Sleeping          |     1 |     5 |     2 |    20 |       ||    28
       Distracted        |       |       |       |     5 |       ||     5
       Confused          |       |       |       |     2 |       ||     2
  Eat: Chunk             |     1 |       |    21 |    43 |       ||    65
       Ration            |       |     2 |     4 |     1 |       ||     7
Armor: Skin              |    23 |   118 |   110 |   204 |     1 ||   456
Dodge: Dodged            |    56 |   154 |   246 |   442 |     5 ||   903
Block: Shield            |       |       |       |   161 |     5 ||   166
